 Dungeon Crawl Stone Soup version 0.31-a0-237-g2d982f9f85 (webtiles) character file.

Game seed: 5350870830391655470

52 qw the Shooter (level 3, -2/21 HPs)
             Began as a Gargoyle Hexslinger on July 10, 2023.
             Slain by an orc
             ... wielding a +0 mace
              (4 damage)
             ... on level 3 of the Dungeon.
             The game lasted 00:00:44 (1558 turns).

qw the Shooter (Gargoyle Hexslinger)                Turns: 1558, Time: 00:00:45

Health: -2/21      AC:  8    Str: 11    XL:     3   Next: 85%
Magic:  4/4        EV: 10    Int: 13    God:
Gold:   116        SH:  0    Dex: 14    Spells: 3/4 levels left

rFire   + . .        Y - +2 sling
rCold   . . .        (no shield)
rNeg    + . .        e - +0 ring mail
rPois   inf          (no helmet)
rElec   +            (no cloak)
rCorr   .            (no gloves)
SInv    .            (no boots)
Will    +....        (no amulet)
Stlth   +            b - ring of protection from fire
HPRegen 0.23/turn    d - ring of willpower
MPRegen 0.09/turn

%: no passive effects
@: about to teleport
A: sickness immunity, AC +3, negative energy resistance 1, electricity
resistance, torment resistance 1, petrification resistance
a: no special abilities


You were on level 3 of the Dungeon.
You visited 1 branch of the dungeon, and saw 3 of its levels.

You collected 116 gold pieces.


Innate Abilities, Weirdness & Mutations

You are immune to sickness and miasma.
Your stone body is resilient. (AC +3)
You are immune to poison.
You resist negative energy. (rN+)
You are resistant to electric shocks. (rElec)
You are resistant to unholy torment.
You are immune to petrification.


   Skills:
 - Level 2.0 Fighting
 + Level 3.7 Ranged Weapons
 - Level 1.5 Dodging
 - Level 1.0 Spellcasting
 - Level 2.6 Hexes


You had 3 spell levels left.
You knew the following spells:

 Your Spells              Type           Power      Damage    Failure   Level
a - Slow                  Hex            28%        N/A       22%         1

Your spell library contained the following spells:

 Spells                   Type           Power      Damage    Failure   Level
 Inner Flame              Hex/Fire       4%         N/A       75%         3
 Portal Projectile        Hex/Tloc       8%         N/A       75%         3
 Cause Fear               Hex            3%         N/A       92%         4

Inventory:

Hand Weapons
 Y - a +2 sling (weapon)
Armour
 e - a +0 ring mail (worn)
Jewellery
 b - a ring of protection from fire (left hand)
 d - a ring of willpower (right hand)
Scrolls
 g - a scroll of identify
Potions
 a - a potion of mutation {unknown}
 c - a potion of magic {unknown}
 h - a potion of brilliance {unknown}

Dungeon Overview and Level Annotations

Branches:
Dungeon (3/15)

Altars:
Ashenzari


Message History

The orc shouts!
The giant cockroach barely misses you.
An orc comes into view. It is wielding a +0 mace.
The giant cockroach bites you but does no damage.
You shoot a sling bullet.
The sling bullet hits the giant cockroach.
The giant cockroach is severely wounded.
The giant cockroach bites you but does no damage.
The orc hits you but does no damage. The orc hits you with a +0 dagger.
The giant cockroach misses you.
You shoot a sling bullet.
The sling bullet closely misses the giant cockroach.
The giant cockroach closely misses you. The orc hits you with a +0 whip.
You shoot a sling bullet.
The sling bullet hits the giant cockroach.
You kill the giant cockroach!
The orc barely misses you. The orc hits you but does no damage.
The orc wizard casts a spell at you.
You are confused.
The orc wizard casts a spell at you. The magic dart hits you.
The orc hits you but does no damage. x2
The teleport trap disappears.
The worm disappears!
The orc closely misses you.
The orc wizard casts a spell.
The orc wizard flickers and vanishes!
Deactivating autopickup; reactivate with Ctrl-A.
The orc hits you but does no damage. The orc hits you with a +0 dagger.
The orc closely misses you. The orc hits you but does no damage. x2
The orc hits you but does no damage. x3; The orc barely misses you.
The orc hits you with a +0 dagger. The orc hits you with a +0 flail.
The orc hits you but does no damage. The orc hits you with a +0 mace.
The orc hits you but does no damage. x2
You feel less confused.
The orc hits you but does no damage. x3; The orc hits you with a +0 flail.
The orc hits you but does no damage.
1558 ||| READING scroll of teleportation.
As you read the scroll of teleportation, it crumbles to dust.
You feel strangely unstable. The orc hits you with a +0 mace.
You die...

.. ... ....
.....####
#...%..<#####
###..##.....###
##...o.##...#
#...oo.......
#...o@##.....
#..>oo# .##..
#...... # #
#.......
...#......
#.####...... #.
#.##~~.~ #.
~~.~~


You could see 6 orcs.

Vanquished Creatures
  2 worms (D:2)
  6 endoplasms
  3 giant cockroaches
  4 goblins
  5 hobgoblins
  A quokka (D:3)
  3 ball pythons
  4 bats (D:1)
  5 frilled lizards
  4 kobolds
  7 rats
44 creatures vanquished.

Notes
Turn   | Place    | Note
-------+----------+-------------------------------------------
     0 | D:1      | qw the Gargoyle Hexslinger began the quest for the Orb.
     0 | D:1      | Reached XP level 1. HP: 12/12 MP: 2/2
     0 | D:1      | 0 ||| qw: Version: 0.3-a-52-g30416fa
     0 | D:1      | 0 ||| qw: Game counter: 5020
     0 | D:1      | 0 ||| qw: Melee chars always use a shield: true
     0 | D:1      | 0 ||| qw: God list: Okawaru
     0 | D:1      | 0 ||| qw: Allow faded altars: false
     0 | D:1      | 0 ||| qw: Do Orc after clearing Dungeon:15 true
     0 | D:1      | 0 ||| qw: Do second Lair branch before Depths: true
     0 | D:1      | 0 ||| qw: Lair rune preference: random
     0 | D:1      | 0 ||| qw: Goals: Normal
     0 | D:1      | 0 ||| PLANNING D:1-11
   109 | D:1      | Reached XP level 2. HP: 16/16 MP: 3/3
   313 | D:1      | Reached skill level 3 in Ranged Weapons
   537 | D:1      | Reached XP level 3. HP: 21/21 MP: 4/4
   751 | D:1      | 751 ||| UPGRADING to +0 ring mail.
   761 | D:1      | 761 ||| DROPPING +0 robe.
   762 | D:1      | 762 ||| READING scroll labelled TOERAE WATTA.
   763 | D:1      | 763 ||| DROPPING scroll of poison.
   787 | D:2      | Found a broken altar of Ashenzari.
   901 | D:2      | Identified the +4 whip "Arbiter" {vamp, Drain Str+4 Int+3}
   993 | D:2      | 993 ||| UPGRADING to ring of protection from fire.
   994 | D:2      | 994 ||| UPGRADING to ring of willpower.
   995 | D:2      | 995 ||| READING scroll labelled PATUXEIVIAT.
   996 | D:2      | 996 ||| DRINKING 2 bubbling black potions.
   997 | D:2      | 997 ||| DROPPING potion of attraction.
  1007 | D:2      | 1007 ||| STAIRDANCE
  1011 | D:2      | 1011 ||| STAIRDANCE
  1015 | D:2      | 1015 ||| STAIRDANCE
  1019 | D:2      | 1019 ||| STAIRDANCE
  1023 | D:2      | 1023 ||| STAIRDANCE
  1027 | D:2      | 1027 ||| STAIRDANCE
  1031 | D:2      | 1031 ||| STAIRDANCE
  1035 | D:2      | 1035 ||| STAIRDANCE
  1039 | D:2      | 1039 ||| STAIRDANCE
  1043 | D:2      | 1043 ||| STAIRDANCE
  1047 | D:2      | 1047 ||| STAIRDANCE
  1051 | D:2      | 1051 ||| STAIRDANCE
  1055 | D:2      | 1055 ||| STAIRDANCE
  1059 | D:2      | 1059 ||| STAIRDANCE
  1063 | D:2      | 1063 ||| STAIRDANCE
  1067 | D:2      | 1067 ||| STAIRDANCE
  1071 | D:2      | 1071 ||| STAIRDANCE
  1075 | D:2      | 1075 ||| STAIRDANCE
  1079 | D:2      | 1079 ||| STAIRDANCE
  1083 | D:2      | 1083 ||| STAIRDANCE
  1504 | D:2      | 1504 ||| READING scroll labelled JYOLAN ARIL.
  1505 | D:2      | 1505 ||| READING scroll labelled HIAMNA GUORO.
  1508 | D:2      | 1508 ||| READING scroll labelled MIECVUTRAY.
  1509 | D:2      | 1509 ||| READING scroll labelled BIEDWI CYXOXKU.
  1535 | D:3      | 1535 ||| PLANNING SEWER
  1557 | D:3      | HP: 2/21 [orc/+0 flail (5)]
  1558 | D:3      | 1558 ||| READING scroll of teleportation.
  1558 | D:3      | Slain by an orc

Levels and vault maps discovered:
D:1:      giann_wishing_wells, layout_basic
D:2:      layout_basic, basic_altar, kennysheep_generic_room_2
D:3:      layout_rooms, cheibrodos_sewer_entry_sluice, serial_shops,
          nicolae_square_shop, uniq_ijyb

Skill      XL: |  1  2 |
---------------+-------+-----
Ranged Weapons | 3 |  3.7
Fighting       | 2 |  2.0
Dodging        | |  1.5
Spellcasting   | |  1.0
Hexes          | |  2.6

Action                     || total
---------------------------++-------
   Fire: Sling             ||   117
    Use: Scroll            ||     7
         Potion            ||     1
 Armour: Robe              ||     5
         Ring mail         ||    22
  Dodge: Dodged            ||    31

Table legend:
 A = Non-vault XP
 B = Vault XP
 C = Vault XP percentage of total XP
 D = Non-vault monster count
 E = Vault monster count
 F = Vault count percentage of total count
                 A         B        C        D         E       F
            +---------+---------+-------+---------+---------+-------
      Total |      69 |       6 |   8.0 |      40 |       4 |   9.1
            +---------+---------+-------+---------+---------+-------
        D:1 |      38 |       0 |   0.0 |      26 |       0 |   0.0
        D:2 |      26 |       6 |  18.8 |      11 |       4 |  26.7
        D:3 |       5 |       0 |   0.0 |       3 |       0 |   0.0
            +---------+---------+-------+---------+---------+-------
